 Dungeon Crawl Stone Soup version 0.23-a0-29-g1be82e5 (webtiles) character file.

7 mhoghedin the Conjurer (level 2, -1/15 HPs)
             Began as a Kobold Conjurer on Aug 3, 2018.
             Slain by a leopard gecko (5 damage)
             ... on level 1 of the Dungeon.
             The game lasted 00:00:45 (148 turns).

mhoghedin the Conjurer (Kobold Conjurer)             Turns: 148, Time: 00:00:46

Health: -1/15      AC:  2    Str:  5    XL:     2   Next: 5%
Magic:  0/5        EV: 15    Int: 16    God:
Gold:   25         SH:  0    Dex: 15    Spells: 5/6 levels left

rFire    . . .     SeeInvis .   d - +0 dagger
rCold    . . .     Gourm    .   (shield restricted)
rNeg     . . .     Faith    .   a - +0 robe
rPois    .         Spirit   .   (no helmet)
rElec    .         Reflect  .   (no cloak)
rCorr    .         Harm     .   (no gloves)
MR       .....                  (no boots)
Stlth    ++........             (no amulet)
HPRegen  0.05/turn              (no ring)
MPRegen  0.09/turn              (no ring)

@: no status effects
A: small, carnivore
a: no special abilities


You were on level 1 of the Dungeon.
You were not hungry.

You visited 1 branch of the dungeon, and saw 1 of its levels.

You collected 25 gold pieces.

Inventory:

Hand Weapons
 b - a +0 club
   (You took it off a goblin on level 1 of the Dungeon)
 d - a +0 dagger (weapon)
   (You took it off a goblin on level 1 of the Dungeon)
Armour
 a - a +0 robe (worn)
Comestibles
 c - a ration


   Skills:
 - Level 2.4 Dodging
 - Level 2.6 Stealth
 + Level 2.5 Spellcasting
 + Level 4.2 Conjurations


You had 5 spell levels left.
You knew the following spells:

 Your Spells              Type           Power        Failure   Level  Hunger
a - Magic Dart            Conj           ###.         3%          1    #......

Your spell library contained the following spells:

 Spells                   Type           Power        Failure   Level  Hunger
 Iskenderun's Mystic Bla  Conj           ###.....     34%         4    #####..
 Fulminant Prism          Conj/Hex       #.........   63%         4    #####..
 Dazzling Spray           Conj/Hex       #.....       26%         3    ###....
 Force Lance              Conj/Tloc      #.......     63%         4    #####..
 Searing Ray              Conj           ###...       5%          2    ##.....


Dungeon Overview and Level Annotations

Branches:
Dungeon (1/15)

Altars:


Innate Abilities, Weirdness & Mutations

You are small and have problems with some larger weapons.
You are carnivorous and can eat meat at any time.


Message History

You start resting.
MP restored: 3 You now have 17 gold pieces.
A goblin comes into view. It is wielding a dagger.
A goblin is nearby!
Aim: a goblin, wielding a dagger (resting)
The magic dart hits the goblin.
You kill the goblin!
You now have 2/3 mp.
You can't see any susceptible monsters within range! (Use Z to cast anyway.) Unknown command.
That item cannot be evoked!
A frilled lizard comes into view.
Things that are here:
a dagger; a goblin corpse
d - a dagger MP restored: 3 Wield which item (- for none, * to show all)? (? for menu, Esc to quit)
You don't have any such object.
Wield which item (- for none, * to show all)? (? for menu, Esc to quit)
You don't have any such object.
Wield which item (- for none, * to show all)? (? for menu, Esc to quit)
d - a +0 dagger (weapon)
The frilled lizard is too close now for your liking.
The helpless frilled lizard fails to defend itself.
You puncture the frilled lizard!
You kill the frilled lizard!
No target in view!
No target in view!
No target in view!
No target in view!
Unknown command.
You now have 25 gold pieces (gained 8).
A kobold comes into view.
A kobold is nearby!
The kobold shouts!
You hear a shout!
The kobold misses you.
You hit the kobold.
You kill the kobold!
No target in view!
No target in view!
No target in view!
No target in view!
No target in view!
No target in view!
A giant cockroach comes into view.
A giant cockroach is nearby!
A goblin comes into view. It is wielding a dagger.
A leopard gecko comes into view.
The leopard gecko hisses angrily.
The giant cockroach misses you. The goblin hits you but does no damage.
You barely miss the goblin. The giant cockroach misses you.
The goblin hits you but does no damage.
You closely miss the goblin. The giant cockroach misses you.
The goblin closely misses you.
You closely miss the goblin. The giant cockroach barely misses you.
The goblin hits you with a dagger.
You take 2 damage, and have 8/10 hp.
You closely miss the goblin. The giant cockroach closely misses you.
The goblin completely misses you.
The giant cockroach bites you but does no damage.
You miss the goblin. The leopard gecko misses you.
The giant cockroach closely misses you. The goblin hits you with a dagger.
You take 1 damage, and have 7/10 hp.
You hit the goblin but do no damage. The leopard gecko bites you.
The giant cockroach closely misses you. The leopard gecko bites you.
The goblin completely misses you.
You take 3 damage, and have 4/10 hp.
MASSIVE DAMAGE!!
The leopard gecko closely misses you. The giant cockroach closely misses you.
The goblin closely misses you. The giant cockroach closely misses you.
The leopard gecko barely misses you. The giant cockroach bites you.
You take 1 damage, and have 4/10 hp.
Unknown command.
Aim: a giant cockroach (clinging)
The magic dart hits the giant cockroach.
The giant cockroach completely misses you.
You now have 2/3 mp.
Aim: a giant cockroach (clinging)
The magic dart hits the giant cockroach.
The giant cockroach barely misses you.
You now have 1/3 mp.
Aim: a giant cockroach (lightly wounded, clinging)
The magic dart hits the giant cockroach.
You kill the giant cockroach!
You have reached level 2!
You regained 2 hp, and now have 6/15 hp.
You now have 0/5 mp.
You closely miss the leopard gecko. The leopard gecko closely misses you.
You completely miss the leopard gecko. The leopard gecko bites you.
You take 1 damage, and have 5/15 hp.
You don't have enough magic to cast that spell.
The leopard gecko bites you.
* * * LOW HITPOINT WARNING * * *
You take 1 damage, and have 4/15 hp.
The leopard gecko bites you.
You die...

##.###.##
##...#...###############
#####.###..................#
#.###.....##.......###########.#
#.........###.....##### #.#
#..#####.#...#........# #.#
#.##.###..####.# #.# #..†.# ##.#
#######.## #.#######@#
.......... .#####.....g.l.#
#######.## ...........##### #.#
........##.###### #######.##
##..#............. .......†.. #.
#............# ##########
#......#####.# #.#.#..# #
...#.#..#


You could see a leopard gecko and a goblin.

Vanquished Creatures
  A bat (D:1)
  A giant cockroach (D:1)
  2 goblins (D:1)
  A frilled lizard (D:1)
  A kobold (D:1)
6 creatures vanquished.

Notes
Turn   | Place    | Note
-------+----------+-------------------------------------------
     0 | D:1      | mhoghedin the Kobold Conjurer began the quest for the Orb.
     0 | D:1      | Reached XP level 1. HP: 10/10 MP: 3/3
   143 | D:1      | Reached XP level 2. HP: 6/15 MP: 0/5
   148 | D:1      | Slain by a leopard gecko

Vault maps used:
D:1:      ncdulo_smallfort, hangedman_glass_teeth

Action                   || total
-------------------------++-------
Melee: Dagger            ||    10
 Cast: Magic Dart        ||     6
 Stab: Sleeping          ||     1
Armor: Robe              ||     5
Dodge: Dodged            ||    24

Table legend:
 A = Spawn XP
 B = Non-spawn XP
 C = Spawn XP percentage of total XP
 D = Spawn monster count
 E = Non-spawn monster count
 F = Spawn count percentage of total count
 G = Total turns spent on level
                    A         B        C        D         E        F      G
               +---------+---------+-------+---------+---------+-------+---------
         Total |       0 |      10 |   0.0 |       0 |       6 |   0.0 |   148
               +---------+---------+-------+---------+---------+-------+---------
           D:1 |       0 |      10 |   0.0 |       0 |       6 |   0.0 |   148
               +---------+---------+-------+---------+---------+-------+---------

Vault maps used:
D:1:      ncdulo_smallfort, hangedman_glass_teeth

Table legend:
 A = Turns spent in this place as a percentage of turns spent in the entire game.
 B = Non-inter-level travel turns spent in this place as a percentage of non-inter-level travel turns spent in the entire game.
 C = Inter-level travel turns spent in this place as a percentage of turns spent in this place.
 D = Turns resting spent in this place as a percentage of non-inter-level travel turns spent in this place.
 E = Turns spent auto-exploring this place as a percentage of non-inter-level travel turns spent in this place.
 F = Non-inter-level travel turns spent in this place divided by the number of levels of this place that you've seen.
                   A       B       C       D       E      F
               +-------+-------+-------+-------+-------+----------------------
         Total | 100.0 | 100.0 |   0.0 |  10.1 |  46.6 | 148.0
       Dungeon | 100.0 | 100.0 |   0.0 |  10.1 |  46.6 | 148.0
               +-------+-------+-------+-------+-------+----------------------

Table legend:
 A = Kills in this place as a percentage of kills in entire the game.
 B = Kills by you in this place as a percentage of kills by you in the entire game.
 C = Kills by friends in this place as a percentage of kills by friends in the entire game.
 D = Other kills in this place as a percentage of other kills in the entire game.
 E = Experience gained in this place as a percentage of experience gained in the entire game.
 F = Experience gained in this place divided by the number of levels of this place that you have seen.
                   A       B       C       D       E      F
               +-------+-------+-------+-------+-------+----------------------
         Total | 100.0 | 100.0 |   N/A |   N/A | 100.0 |  10.0
       Dungeon | 100.0 | 100.0 |   N/A |   N/A | 100.0 |  10.0
               +-------+-------+-------+-------+-------+----------------------
